 Dungeon Crawl Stone Soup version 0.30.0-29-ga12c61a403 (webtiles) character file.

Game seed: 11863875513179199385

711 qw the Chopper (level 7, -7/43 HPs)
             Began as a Gargoyle Fighter on June 3, 2023.
             Mangled by a wight
             ... wielding a +0 morningstar of freezing
              (14 damage)
             ... on level 3 of the Dungeon.
             The game lasted 00:01:29 (2425 turns).

qw the Chopper (Gargoyle Fighter)                   Turns: 2425, Time: 00:01:29

Health: -7/43      AC: 12    Str: 21    XL:     7   Next: 68%
Magic:  7/7        EV: 10    Int:  9    God:
Gold:   196        SH:  4    Dex:  9    Spells: 6/6 levels left

rFire   . . .        Y - +3 war axe
rCold   . . .        c - +0 buckler
rNeg    + . .        b - +0 scale mail
rPois   inf          (no helmet)
rElec   +            (no cloak)
rCorr   .            (no gloves)
SInv    .            o - +0 pair of boots
Will    .....        j - amulet of regeneration Stlth
                     (no ring)
HPRegen 1.07/turn    (no ring)
MPRegen 0.10/turn

%: no passive effects
@: about to teleport
A: sickness immunity, AC +4, negative energy resistance 1, electricity
resistance, torment resistance 1, petrification resistance
a: no special abilities


You were on level 3 of the Dungeon.
You visited 1 branch of the dungeon, and saw 3 of its levels.

You collected 196 gold pieces.


Innate Abilities, Weirdness & Mutations

You are immune to sickness and miasma.
Your stone body is resilient. (AC +4)
You are immune to poison.
You resist negative energy. (rN+)
You are resistant to electric shocks. (rElec)
You are resistant to unholy torment.
You are immune to petrification.


   Skills:
 - Level 4.2 Fighting
 + Level 6.2 Axes
 - Level 1.0 Throwing
 - Level 3.2 Armour
 - Level 3.1 Dodging
 - Level 3.2 Shields


You had 6 spell levels left.
You didn't know any spells.
Your spell library was empty.

Inventory:

Hand Weapons
 t - the +9 mace "Reohad" {vamp, *Slow rF++ Dex+5}
   (You found it on level 3 of the Dungeon)

   Dex:       It affects your dexterity (+5).
   rF:        It greatly protects you from fire.
   *Slow:     It may slow you when you take damage.
 Y - a +3 war axe (weapon)
Missiles
 g - 10 javelins (quivered)
 h - 4 boomerangs
Armour
 b - a +0 scale mail (worn)
 c - a +0 buckler (worn)
 l - a +0 cloak
 m - a +0 plate armour
 o - a +0 pair of boots (worn)
 q - a +0 helmet
Jewellery
 j - an amulet of regeneration (around neck)
Wands
 r - a wand of digging (5)
Potions
 a - a potion of degeneration {unknown}
 d - a potion of might
 e - a potion of ambrosia {unknown}
 i - 2 potions of curing
 k - a potion of haste
 p - a potion of heal wounds {unknown}
 s - a potion of attraction {unknown}

Dungeon Overview and Level Annotations

Branches:
Dungeon (3/15)

Altars:

Shops:
D:1 :

Annotations:
D:3 1 runed translucent door, Crazy Yiuf


Message History

The wight closely misses you. x2; The wight barely misses you.
You slash the wight!
You destroy the wight!
You hit the wight but do no damage. You barely miss the wight.
You closely miss the wight. The wight completely misses you.
The wight hits you but does no damage. x2
You closely miss the wight.
The wight is moderately damaged.
You closely miss the wight. You hit the wight but do no damage.
The wight hits you but does no damage. The wight closely misses you.
The wight hits you with a +3 hand axe. x2; You block the wight's attack.
The wight hits you with a +0 flail.
You completely miss the wight.
The wight is moderately damaged.
You closely miss the wight. You slash the wight! The wight closely misses you.
The wight hits you with a +0 flail. The wight hits you but does no damage.
You barely miss the wight.
The wight is severely damaged.
You barely miss the wight. You slash the wight!
The wight hits you with a +0 morningstar of freezing.
The wight freezes you. The wight hits you with a +0 flail!
The wight hits you with a +3 hand axe.
You hit the wight.
The wight is almost destroyed.
You barely miss the wight. x2
The wight hits you with a +0 morningstar of freezing.
The wight freezes you. The wight hits you with a +0 flail.
The wight barely misses you.
2424 ||| READING scroll of teleportation.
As you read the scroll of teleportation, it crumbles to dust.
You feel strangely unstable.
The wight hits you with a +0 morningstar of freezing.
The wight freezes you. The wight hits you but does no damage.
The wight hits you with a +3 hand axe.
You closely miss the wight.
The wight is almost destroyed.
You hit the wight but do no damage. You hit the wight.
The wight hits you with a +0 morningstar of freezing!
You die...

####.......## #..
..###.....## #(. #.#
##...## #.. #.#
##'## #.. #.# #.#
#.. #.# ###.#######
#.. #.###.).......#
#.z###.#..........>.
#.z@...#.#......##.#
##)z.....#....###
#########.......
########


You could see 3 wights.

Vanquished Creatures
  Grinder (D:3)
  Sigmund (D:3)
  A wight (D:3)
  2 orc priests (D:3)
  Natasha (twice) (D:2)
  An orc wizard (D:3)
  Robin (D:3)
  4 gnolls
  4 adders (D:2)
  2 dart slugs
  3 orcs (D:3)
  10 bats
  7 endoplasms
  A giant cockroach (D:1)
  11 goblins
  12 hobgoblins
  4 jackals (D:1)
  A quokka (D:1)
  2 ball pythons (D:2)
  5 frilled lizards
  6 kobolds
  2 rats (D:1)
83 creatures vanquished.

Notes
Turn   | Place    | Note
-------+----------+-------------------------------------------
     0 | D:1      | qw the Gargoyle Fighter began the quest for the Orb.
     0 | D:1      | Reached XP level 1. HP: 14/14 MP: 1/1
     0 | D:1      | 0 ||| qw: Version: 0.2-a-103-g5a998e5
     0 | D:1      | 0 ||| qw: Game counter: 1096
     0 | D:1      | 0 ||| qw: Always use a shield: true
     0 | D:1      | 0 ||| qw: God list: Okawaru
     0 | D:1      | 0 ||| qw: Allow faded altars: false
     0 | D:1      | 0 ||| qw: Do Orc after D:15 true
     0 | D:1      | 0 ||| qw: Do second Lair branch before Depths: true
     0 | D:1      | 0 ||| qw: Lair rune preference: random
     0 | D:1      | 0 ||| qw: Plans: Normal, Zot:1-4, Slime:5, God:TSO, Crypt,
                  | Tomb, Pan, Hells, Abyss, Win
     0 | D:1      | 0 ||| PLANNING D:1-11
    18 | D:1      | Reached skill level 2 in Axes
    18 | D:1      | Reached XP level 2. HP: 9/19 MP: 2/2
    93 | D:1      | 93 ||| Stepping ~*~*~tactically~*~*~ (stealth).
   108 | D:1      | 108 ||| FLEEEEING.
   129 | D:1      | Reached skill level 3 in Axes
   175 | D:1      | Reached XP level 3. HP: 23/23 MP: 3/3
   268 | D:1      | Found Timilleu's Book Shop.
   334 | D:1      | Reached skill level 1 in Throwing
   458 | D:1      | 458 ||| UPGRADING to amulet of regeneration.
   526 | D:1      | 526 ||| DROPPING +0 club.
   568 | D:2      | 568 ||| Stepping ~*~*~tactically~*~*~ (hiding).
   676 | D:2      | 676 ||| Stepping ~*~*~tactically~*~*~ (hiding).
   677 | D:2      | 677 ||| Stepping ~*~*~tactically~*~*~ (hiding).
   680 | D:2      | 680 ||| Stepping ~*~*~tactically~*~*~ (hiding).
   715 | D:2      | Reached XP level 4. HP: 28/28 MP: 4/4
   772 | D:2      | 772 ||| Stepping ~*~*~tactically~*~*~ (stealth).
   860 | D:2      | 860 ||| Stepping ~*~*~tactically~*~*~ (stealth).
   861 | D:2      | 861 ||| Stepping ~*~*~tactically~*~*~ (stealth).
   909 | D:2      | 909 ||| Stepping ~*~*~tactically~*~*~ (stealth).
   923 | D:2      | 923 ||| Stepping ~*~*~tactically~*~*~ (stealth).
   932 | D:2      | Reached skill level 4 in Axes
   934 | D:2      | 934 ||| Stepping ~*~*~tactically~*~*~ (stealth).
   935 | D:2      | 935 ||| Stepping ~*~*~tactically~*~*~ (stealth).
  1155 | D:2      | Noticed Natasha
  1156 | D:2      | 1156 ||| Stepping ~*~*~tactically~*~*~ (hiding).
  1169 | D:2      | Killed Natasha
  1170 | D:2      | Reached XP level 5. HP: 24/32 MP: 5/5
  1336 | D:2      | Noticed Natasha
  1345 | D:2      | Killed Natasha
  1515 | D:2      | 1515 ||| UPGRADING to +0 pair of boots.
  1520 | D:2      | 1520 ||| READING 2 scrolls labelled QIOTHR ITZA.
  1521 | D:2      | 1521 ||| READING scroll labelled ZUPNEISCHIYHE.
  1522 | D:2      | 1522 ||| READING scroll labelled BUHACSU VOOLE.
  1525 | D:2      | 1525 ||| READING 3 scrolls labelled TEYNYHAXTI.
  1526 | D:2      | 1526 ||| READING 2 scrolls of enchant weapon.
  1526 | D:2      | 1526 ||| ENCHANTING +1 war axe.
  1527 | D:2      | 1527 ||| READING scroll of enchant weapon.
  1527 | D:2      | 1527 ||| ENCHANTING +2 war axe.
  1528 | D:2      | 1528 ||| READING scroll labelled VETSUQ VEPEEGA.
  1529 | D:2      | 1529 ||| DRINKING 2 murky white potions.
  1530 | D:2      | 1530 ||| DRINKING 2 ruby potions.
  1531 | D:2      | 1531 ||| DROPPING scroll of noise.
  1596 | D:3      | 1596 ||| Stepping ~*~*~tactically~*~*~ (hiding).
  1645 | D:3      | Reached skill level 5 in Axes
  1647 | D:3      | 1647 ||| DROPPING +0 mace.
  1649 | D:3      | 1649 ||| Stepping ~*~*~tactically~*~*~ (hiding).
  1651 | D:3      | 1651 ||| Stepping ~*~*~tactically~*~*~ (hiding).
  1653 | D:3      | 1653 ||| Stepping ~*~*~tactically~*~*~ (hiding).
  1662 | D:3      | Reached XP level 6. HP: 10/38 MP: 6/6
  1690 | D:3      | 1690 ||| DROPPING +0 whip of venom.
  1829 | D:3      | Noticed Grinder
  1839 | D:3      | Paralysed by Grinder for 5 turns
  1848 | D:3      | Killed Grinder
  1849 | D:3      | Reached skill level 3 in Dodging
  1849 | D:3      | Reached XP level 7. HP: 40/43 MP: 7/7
  1960 | D:3      | Found a runed translucent door.
  1961 | D:3      | Noticed Crazy Yiuf
  2070 | D:3      | Noticed Sigmund
  2071 | D:3      | 2071 ||| Stepping ~*~*~tactically~*~*~ (hiding).
  2080 | D:3      | Killed Sigmund
  2146 | D:3      | 2146 ||| Stepping ~*~*~tactically~*~*~ (stealth).
  2148 | D:3      | 2148 ||| Stepping ~*~*~tactically~*~*~ (stealth).
  2150 | D:3      | Noticed Robin
  2151 | D:3      | 2151 ||| Stepping ~*~*~tactically~*~*~ (hiding).
  2162 | D:3      | Killed Robin
  2256 | D:3      | Identified the +9 mace "Reohad" {vamp, *Slow rF++ Dex+5}
  2258 | D:3      | 2258 ||| DROPPING +0 flail.
  2350 | D:3      | 2350 ||| Stepping ~*~*~tactically~*~*~ (stealth).
  2353 | D:3      | Reached skill level 6 in Axes
  2389 | D:3      | 2389 ||| Stepping ~*~*~tactically~*~*~ (hiding).
  2423 | D:3      | HP: 9/43 [wight/+0 flail (2)]
  2424 | D:3      | 2424 ||| READING scroll of teleportation.
  2425 | D:3      | Mangled by a wight

Levels and vault maps discovered:
D:1:      dpeg_arrival_ternary, layout_rooms, serial_shops, shop,
          minmay_heptomino_d4
D:2:      minmay_recursive_quarters, layout_basic, uniq_natasha
D:3:      cheibrodos_pilgrimage, layout_loops_corners, marbit_many_paths,
          uniq_sigmund, uniq_crazy_yiuf_cottage, uniq_grinder, uniq_robin

Skill      XL: |  1  2  3  4  5  6  7 |
---------------+----------------------+-----
Axes           | 2 3 4 5 6 |  6.2
Throwing       | 1 |  1.0
Fighting       | 4 |  4.2
Dodging        | 3 |  3.1
Armour         | |  3.2
Shields        | |  3.2

Action                     |  1- 3 |  4- 6 |  7- 9 || total
---------------------------+-------+-------+-------++-------
  Melee: War axe           |    93 |   119 |    43 ||   255
  Throw: Javelin           |    15 |    19 |    12 ||    46
    Use: Scroll            |       |     7 |     1 ||     8
         Potion            |       |     2 |       ||     2
 Armour: Scale mail        |    55 |    86 |    16 ||   157
  Dodge: Dodged            |    53 |    63 |    20 ||   136
  Block: Buckler           |    23 |    17 |     7 ||    47

Table legend:
 A = Non-vault XP
 B = Vault XP
 C = Vault XP percentage of total XP
 D = Non-vault monster count
 E = Vault monster count
 F = Vault count percentage of total count
                 A         B        C        D         E       F
            +---------+---------+-------+---------+---------+-------
      Total |     271 |     745 |  73.3 |      53 |      30 |  36.1
            +---------+---------+-------+---------+---------+-------
        D:1 |      58 |       2 |   3.3 |      25 |       1 |   3.8
        D:2 |      84 |      73 |  46.5 |      15 |      10 |  40.0
        D:3 |     129 |     670 |  83.9 |      13 |      19 |  59.4
            +---------+---------+-------+---------+---------+-------
